 Dungeon Crawl Stone Soup version 0.27.1-4-g1640c2035a (webtiles) character file.

Game seed: 101758907163259936

10490 Stomo444 the Thaumaturge (level 11, 0/58 HPs)
             Began as a Vine Stalker Air Elementalist on Nov 13, 2021.
             Was a Believer of Vehumet.
             Slain by a seven-headed hydra (6 damage)
             ... on level 9 of the Dungeon.
             The game lasted 00:46:59 (12914 turns).

Stomo444 the Thaumaturge (VSAE)                    Turns: 12914, Time: 00:47:00

Health: 0/58       AC:  9    Str: 13    XL:     11   Next: 62%
Magic:  0/26       EV: 15    Int: 15    God:    Vehumet [**....]
Gold:   1411       SH:  0    Dex: 22    Spells: 15/30 levels left

rFire    . . .     SeeInvis .   s - +3 dire flail (protect)
rCold    . . .     Faith    .   (shield currently unavailable)
rNeg     . . .     Spirit   +   E - +0 steam dragon scales
rPois    +         Reflect  .   K - +1 hat
rElec    .         Harm     .   j - +0 cloak
rCorr    .         Rampage  .   (no gloves)
Will     +....                  x - +1 pair of boots
Stlth    +++.......             k - amulet of magic regeneration
HPRegen  1.19/turn              q - ring of poison resistance
MPRegen  0.45/turn              t - +6 ring of dexterity

@: no status effects
A: fangs 3, regeneration 1, magic shield, antimagic bite, no potion heal 2
a: Renounce Religion


You were on level 9 of the Dungeon.
You worshipped Vehumet.
Vehumet was pleased with you.
You visited 3 branches of the dungeon, and saw 11 of its levels.

You collected 1411 gold pieces.

Inventory:

Hand Weapons
 d - a +0 dagger
 r - a +0 short sword
 s - a +3 dire flail of protection (weapon)
 u - a +2 whip of flaming
 F - a +2 whip of freezing
Missiles
 B - a throwing net
Armour
 a - a +0 robe
 j - a +0 cloak (worn)
 m - a scarf of repulsion
 x - a +1 pair of boots (worn)
 y - +2 swamp dragon scales
 E - +0 steam dragon scales (worn)
 K - a +1 hat (worn)
Jewellery
 k - an amulet of magic regeneration (around neck)
 q - a ring of poison resistance (left hand)
 t - a +6 ring of dexterity (right hand)
 H - the ring of Lirrucvo {Fire rElec rCorr Dex+2}
   (You found it on level 9 of the Dungeon)

   [ring of fire]

   It enhances your fire magic.
   Dex:       It affects your dexterity (+2).
   rF:        It protects you from fire.
   rC:        It makes you vulnerable to cold.
   rElec:     It insulates you from electricity.
   rCorr:     It protects you from acid and corrosion.
Wands
 J - a wand of mindburst (15)
Scrolls
 g - 10 scrolls of identify
 h - 2 scrolls of blinking
 l - 5 scrolls of teleportation
 o - 4 scrolls of enchant armour
 D - 3 scrolls of enchant weapon
Potions
 b - a potion of might {unknown}
 c - 4 potions of heal wounds
 e - a potion of berserk rage {unknown}
 f - 3 potions of attraction {unknown}
 i - 3 potions of ambrosia {unknown}
 n - 2 potions of lignification {unknown}
 p - 2 potions of invisibility {unknown}
 v - a potion of resistance {unknown}
 w - 2 potions of curing
 z - 2 potions of haste
 A - 3 potions of flight {unknown}
 C - 2 potions of mutation {unknown}
 G - a potion of brilliance {unknown}
 I - a potion of degeneration {unknown}


   Skills:
 - Level 7.0 Fighting
 - Level 7.1 Maces & Flails
 - Level 5.2 Dodging
 - Level 2.4 Stealth
 + Level 10.3 Spellcasting
 - Level 1.0 Conjurations
 - Level 9.0 Air Magic


You had 15 spell levels left.
You knew the following spells:

 Your Spells              Type           Power      Damage    Failure   Level
a - Shock                 Conj/Air       88%        1d8       1%          1
b - Static Discharge      Conj/Air       22%        N/A       1%          2
c - Swiftness             Air            34%        N/A       1%          3
d - Airstrike             Air            17%        N/A       2%          4
e - Poisonous Vapours     Pois/Air       42%        N/A       2%          2
f - Mephitic Cloud        Conj/Pois/Air  17%        N/A       7%          3

Your spell library contained the following spells:

 Spells                   Type           Power      Damage    Failure   Level
 Searing Ray              Conj           20%        3d3       10%         2
 Corpse Rot               Necr/Air       N/A        N/A       2%          2
 Magic Dart               Conj           40%        1d5       6%          1
 Pain                     Necr           28%        1d5       10%         1
 Call Imp                 Summ           7%         N/A       14%         2
 Stone Arrow              Conj/Erth      18%        3d8       22%         3
 Freezing Cloud           Conj/Ice/Air   8%         6-21      54%         5
 Hailstorm                Conj/Ice       9%         3d4       58%         4
 Animate Armour           Summ/Erth      14%        N/A       67%         4
 Ice Form                 Ice/Tmut       7%         N/A       67%         4
 Agony                    Necr           7%         N/A       95%         5
 Excruciating Wounds      Necr           3%         N/A       95%         5
 Simulacrum               Ice/Necr       3%         N/A       100%        6
 Lehudib's Crystal Spear  Conj/Erth      4%         10d3      100%        8


Dungeon Overview and Level Annotations

Branches:
Dungeon (9/15)             Temple (1/1) D:5            Lair (1/6) D:9
    Orc: D:9-12

Altars:
Ashenzari
Cheibriados
Dithmenos
Elyvilon
Fedhas
Gozag
Kikubaaqudgha
Makhleb
Nemelex Xobeh
Okawaru
Qazlal
Ru
Sif Muna
Trog
Uskayaw
Vehumet
Wu Jian
Xom
Yredelemnul
Zin
The Shining One

Annotations:
D:3 3 runed translucent doors, Icepheonix32's ghost, novice DsTm
D:7 3 runed translucent doors, pkoi's ghost, adept TrMo
D:8 Joseph


Innate Abilities, Weirdness & Mutations

You have razor-sharp teeth.
Your natural rate of healing is unusually fast.
When hurt, damage is shared between your health and your magic reserves.
Your bite disrupts and absorbs the magic of your enemies.
Potions cannot restore your health.


Message History

Here: a seven-headed hydra The floor.
Casting: Airstrike (dangerous; 2% risk of failure)
Confirm with . or Enter, or press ? or * to list all spells.
Okay, then.
Casting: Airstrike (dangerous; 2% risk of failure)
Confirm with . or Enter, or press ? or * to list all spells.
You can't see any susceptible monsters within range! (Use Z to cast anyway.)
Press: ? - help, v - describe, . - travel The floor.
You hear the slow rumble of a very distant avalanche of rocks.
You hear the rumble of a very distant avalanche of rocks.
A water moccasin comes into view.
The seven-headed hydra closely misses you.
The seven-headed hydra bites you! The seven-headed hydra misses you.
The seven-headed hydra bites you! x2; The seven-headed hydra bites you.
The seven-headed hydra closely misses you.
Things that are here:
a +1 short sword of draining; 3 curare-tipped darts You see here 12 poisoned darts.
There is a staircase back to the Dungeon here.
The seven-headed hydra bites you! x3
The seven-headed hydra closely misses you.
The seven-headed hydra bites you. The seven-headed hydra bites you!
The seven-headed hydra closely misses you.
You climb upwards.
Welcome back to the Dungeon!
There is a staircase to the Lair here.
The seven-headed hydra bites you! x2; The seven-headed hydra misses you.
The seven-headed hydra bites you.
The seven-headed hydra barely misses you.
The seven-headed hydra closely misses you. x2
The seven-headed hydra bites you!
* * * LOW HITPOINT WARNING * * *
The seven-headed hydra bites you!
* * * LOW HITPOINT WARNING * * *
The seven-headed hydra closely misses you.
The seven-headed hydra bites you.
* * * LOW HITPOINT WARNING * * *
The seven-headed hydra bites you!
You die...

...##................##...#...>..
#####...##.......P...###..#......
..###...##....P.P....#######.....
..#......P...P...PP...#....#.....
..#......P.PP...P.....#....#.###.
..#........P.P.P.P..P.#....'.###.
..#'####P.P..####.P...##.###.....
.........P...#>D#..P...###.......
.............#..@........#.......
.........P...####.PP.....#.......
............P........P...#..##...
.................P.......#..##...
...........P.....P.......#..##...
#######'##...P...........(..##...
#..........#.......#.[...#.......
#..........#.##.##.#.....#.......
'..........#.##.##.#.....#.......


You could see a seven-headed hydra.

Vanquished Creatures
  Gastronok (D:9)
  A boulder beetle (Lair:1)
  Erolcha (D:9)
  Sonja (Lair:1)
  Pikel (D:8)
  A cyclops (D:9)
  Maggie (D:7)
  2 hornets
  10 yaks
  Eustachio (D:6)
  Grum (D:8)
  A steam dragon (D:7)
  Edmund (D:3)
  An acid dragon (D:7)
  A water moccasin (D:5)
  A black bear (D:9)
  4 orc warriors
  3 ice beasts
  An ogre (D:6)
  2 wolves (D:8)
  A necrophage (D:5)
  A lemure (D:8)
  2 kobold brigands
  3 bullfrogs
  6 scorpions
  A water moccasin skeleton (D:5)
  6 killer bees
  An electric eel (D:6)
  5 wights (D:7)
  5 howler monkeys
  2 centaur zombies
  A jelly (D:6)
  2 hounds
  3 centaur skeletons
  2 orc priests
  A bullfrog skeleton (D:5)
  2 gnoll shamans
  2 iguanas
  Ijyb (D:3)
  Natasha (twice) (D:4)
  2 orc wizards
  A killer bee zombie (D:7)
  A hound skeleton (D:4)
  A howler monkey zombie (D:9)
  7 gnolls
  8 adders
  2 white imps
  An ufetubus (D:6)
  2 worms
  3 dart slugs
  25 orcs
  6 ball pythons
  7 bats
  4 endoplasms
  A giant cockroach (D:2)
  7 goblins
  7 hobgoblins
  2 jackals (D:4)
  2 quokkas (D:3)
  5 frilled lizards
  17 kobolds
  6 rats
202 creatures vanquished.

Vanquished Creatures (others)
  A human (D:3)
  7 fungi (D:9)
  9 plants (D:9)
17 creatures vanquished.

Grand Total: 219 creatures vanquished

Notes
Turn   | Place    | Note
-------+----------+-------------------------------------------
     0 | D:1      | Stomo444 the Vine Stalker Air Elementalist began the quest
                  | for the Orb.
     0 | D:1      | Reached XP level 1. HP: 9/9 MP: 4/4
   193 | D:1      | Reached XP level 2. HP: 10/14 MP: 3/6
   226 | D:1      | Reached skill level 1 in Fighting
   939 | D:1      | Found a basalt altar of Yredelemnul.
   983 | D:2      | Reached XP level 3. HP: 18/18 MP: 7/7
  1482 | D:2      | Learned a level 2 spell: Static Discharge
  1865 | D:3      | Gained mutation: Your natural rate of healing is unusually
                  | fast. [Vine Stalker growth]
  1865 | D:3      | Reached XP level 4. HP: 19/23 MP: 0/8
  1944 | D:3      | Found a runed translucent gate.
  1945 | D:3      | Found a runed translucent gate.
  1946 | D:3      | Found a runed translucent gate.
  1946 | D:3      | Noticed Icepheonix32's ghost (novice DsTm)
  1956 | D:3      | Found an ancient bone altar of Kikubaaqudgha.
  1959 | D:3      | Noticed a human
  1962 | D:3      | Killed a human
  2450 | D:3      | Found a faded altar of an unknown god.
  2592 | D:3      | Found a snail-covered altar of Cheibriados.
  2968 | D:4      | Reached XP level 5. HP: 18/28 MP: 3/9
  3220 | D:4      | Noticed Ijyb
  3317 | D:3      | Killed Ijyb
  3658 | D:4      | Noticed an orc warrior
  3723 | D:4      | Noticed Edmund
  3738 | D:5      | Entered Level 5 of the Dungeon
  4365 | D:3      | Killed Edmund
  4366 | D:3      | Reached XP level 6. HP: 33/33 MP: 0/10
  4567 | D:3      | Killed an orc warrior
  4638 | D:4      | Noticed Natasha
  4649 | D:4      | Killed Natasha
  4650 | D:4      | Reached skill level 1 in Maces & Flails
  4650 | D:4      | Reached XP level 7. HP: 37/37 MP: 7/11
  4868 | D:4      | Noticed Natasha
  4879 | D:4      | Killed Natasha
  5428 | D:5      | Reached skill level 5 in Air Magic
  5506 | D:5      | Learned a level 3 spell: Swiftness
  5511 | D:5      | Learned a level 4 spell: Airstrike
  5674 | D:5      | Gained mutation: You have razor-sharp teeth. [Vine Stalker
                  | growth]
  5674 | D:5      | Reached XP level 8. HP: 42/42 MP: 12/12
  5818 | D:5      | Reached skill level 3 in Spellcasting
  5936 | D:5      | Identified a scroll of acquirement
  5936 | D:5      | Acquired 898 gold pieces
  6028 | D:5      | Found a staircase to the Ecumenical Temple.
  6037 | Temple   | Entered the Ecumenical Temple
  6108 | Temple   | Became a worshipper of Vehumet
  6484 | D:6      | Noticed Eustachio
  6873 | D:6      | Reached skill level 4 in Spellcasting
  7198 | D:6      | Found a shimmering altar of Xom.
  7198 | D:6      | Found a glowing golden altar of the Shining One.
  7308 | D:6      | Found a sacrificial altar of Ru.
  7425 | D:6      | Killed Eustachio
  7426 | D:6      | Reached XP level 9. HP: 46/46 MP: 2/17
  7577 | D:7      | Found a runed translucent gate.
  7577 | D:7      | Found a runed translucent gate.
  7578 | D:7      | Found a runed translucent gate.
  7709 | D:7      | Reached skill level 5 in Spellcasting
  7920 | D:7      | Noticed Maggie
  8189 | D:7      | Reached skill level 5 in Maces & Flails
  8297 | D:7      | Found an ornate altar of the Wu Jian Council.
  8308 | D:7      | Killed Maggie
  8515 | D:7      | Reached * piety under Vehumet
  8515 | D:7      | Offered knowledge of Sandblast by Vehumet.
  8527 | D:7      | Reached skill level 6 in Spellcasting
  8791 | D:7      | Noticed pkoi's ghost (adept TrMo)
  9191 | D:8      | Noticed a hornet
  9191 | D:8      | Noticed Grum
  9195 | D:8      | Paralysed by a hornet for 1 turns
  9200 | D:7      | Killed a hornet
  9401 | D:7      | Reached XP level 10. HP: 45/51 MP: 6/20
  9709 | D:8      | Reached skill level 5 in Fighting
  9919 | D:8      | Killed Grum
 10270 | D:8      | Noticed Joseph
 10951 | D:8      | Noticed Pikel
 10965 | D:8      | Killed Pikel
 10966 | D:8      | Reached skill level 5 in Dodging
 11274 | D:9      | Noticed Gastronok
 11275 | D:9      | Noticed a cyclops
 11456 | D:9      | Noticed Erolcha
 11460 | D:9      | Killed Erolcha
 11461 | D:9      | Reached skill level 7 in Spellcasting
 11529 | D:9      | Reached XP level 11. HP: 58/58 MP: 11/22
 11719 | D:9      | Offered knowledge of Searing Ray by Vehumet.
 11727 | D:9      | Reached ** piety under Vehumet
 11730 | D:9      | Identified the ring of Lirrucvo {Fire rElec rCorr Dex+2}
 11952 | D:9      | Killed a cyclops
 11953 | D:9      | Reached skill level 8 in Spellcasting
 12226 | D:9      | Found an opulent altar of Gozag.
 12358 | D:9      | Found a staircase to the Lair.
 12511 | D:9      | Killed Gastronok
 12512 | D:9      | Reached skill level 9 in Spellcasting
 12575 | Lair:1   | Entered Level 1 of the Lair of Beasts
 12579 | Lair:1   | Learned a level 2 spell: Poisonous Vapours
 12583 | Lair:1   | Learned a level 3 spell: Mephitic Cloud
 12613 | Lair:1   | Found an ornate altar of the Wu Jian Council.
 12613 | Lair:1   | Noticed a boulder beetle
 12623 | Lair:1   | Noticed Sonja
 12630 | Lair:1   | Killed Sonja
 12634 | Lair:1   | Killed a boulder beetle
 12635 | Lair:1   | Reached skill level 10 in Spellcasting
 12720 | Lair:1   | Found a hide-covered altar of Uskayaw.
 12819 | Lair:1   | Noticed a seven-headed hydra
 12914 | D:9      | Slain by a seven-headed hydra

Illustrated notes

Levels and vault maps discovered:
D:1:      dpeg_arrival_lava_altar, layout_loops_ring, minmay_surrounded
D:2:      layout_basic, chequers_arboretum, hex_intersection
D:3:      layout_loops_ring, tgw_kikubaaqudgha, old_standard_altar,
          hellmonk_ecumenical_altar_prayer_group, ebering_ghost_rock_garden,
          serial_bayou_pond_b
D:4:      layout_rooms, uniq_natasha, uniq_ijyb, uniq_edmund
D:5:      layout_basic, minmay_temple_entry_wispy, hex_medium,
          kennysheep_minor_cross, minmay_misc_feat_tiny,
          amcnicky_mini_pool_small
D:6:      cheibrodos_helix_gallery, layout_cave_pools,
          nicolae_ru_sacrificial_ziggurat, gammafunk_temple_overflow_elements,
          uniq_eustachio
D:7:      layout_loops_cross, nzn_wu_jian_council_hall, gammafunk_ghost_icy,
          uniq_maggie
D:8:      layout_basic, grunt_ministairs_13, uniq_pikel, uniq_grum, uniq_joseph
D:9:      layout_stronghold, general_overflow_altar,
          grunt_lair_entry_orc_guard_hut, uniq_erolcha, uniq_gastronok
Temple:   eino_temple_water
Lair:1:   layout_loops_ring, lightli_volcano_entry_magma_tube, basic_altar,
          mumra_transporter_accident, nzn_masters_of_martial_movement,
          uniq_sonja

Skill      XL: |  1  2  3  4  5  6  7  8  9 10 11 |
---------------+----------------------------------+-----
Fighting       | 1 2 3 4 6 7 |  7.0
Dodging        | 2 3 4 5 |  5.2
Maces & Flails | 1 2 4 6 7 |  7.1
Air Magic      | 5 6 8 9 |  9.0
Spellcasting   | 4 6 7 10 | 10.3
Stealth        | |  2.4
Conjurations   | |  1.0

Action                   |  1- 3 |  4- 6 |  7- 9 | 10-12 || total
-------------------------+-------+-------+-------+-------++-------
Melee: Unarmed           |    17 |       |       |       ||    17
       Bite              |    12 |    34 |    39 |    17 ||   102
       Dagger            |    44 |    76 |       |       ||   120
       Short sword       |       |    21 |       |       ||    21
       Dire flail        |       |    25 |   121 |    75 ||   221
       Whip              |       |       |     7 |       ||     7
 Cast: Shock             |    42 |    62 |    60 |    25 ||   189
       Static Discharge  |     4 |    26 |    33 |     3 ||    66
       Airstrike         |       |       |    51 |   113 ||   164
       Swiftness         |       |       |     1 |     1 ||     2
       Poisonous Vapours |       |       |       |     3 ||     3
  Use: Scroll            |       |     1 |     8 |       ||     9
       Potion            |       |     1 |       |       ||     1
 Stab: Sleeping          |     2 |     1 |     2 |       ||     5
       Distracted        |       |       |     2 |       ||     2
Armor: Robe              |    16 |    19 |    43 |       ||    78
       Steam dragon scal |       |       |     3 |    20 ||    23
Dodge: Dodged            |    61 |   127 |   137 |    96 ||   421
       Repelled          |       |       |     1 |       ||     1
